 Dungeon Crawl Stone Soup version 0.16.2 (webtiles) character file.

1647 operationiv the Covered (level 8, -1/71 HPs)
             Began as a Minotaur Berserker on Aug 12, 2015.
             Was an Elder of Trog.
             Succumbed to a killer bee's poison
             ... on level 8 of the Dungeon.
             The game lasted 00:20:56 (4848 turns).

operationiv the Covered (Minotaur Berserker)        Turns: 4848, Time: 00:20:56

Health: -1/71      AC: 15    Str: 25    XL:     8   Next: 67%
Magic:  3/3        EV:  9    Int:  4    God:    Trog [****..]
Gold:   129        SH:  0    Dex:  9    Spells: 0 memorised, 7 levels left

rFire  . . .     SeeInvis .     a - +1 spear
rCold  . . .     Clarity  .     J - +1 plate armour
rNeg   . . .     SustAb   .     (no shield)
rPois  .         Gourm    .     (helmet restricted)
rElec  .         Spirit   .     (no cloak)
rCorr  .         Warding  .     (no gloves)
rMut   .         Stasis   .     I - +0 pair of boots
MR     .....                    L - amulet of faith
Stlth  ..........               (no ring)
                                (no ring)

@: lethally poisoned (-1 -> -16), not resistant to hostile enchantments,
extremely unstealthy
A: retaliatory headbutt, horns 2
a: Burn Spellbooks, Berserk, Trog's Hand, Brothers in Arms, Renounce Religion


You were on level 8 of the Dungeon.
You worshipped Trog.
Trog was greatly pleased with you.
You were not hungry.

You visited 2 branches of the dungeon, and saw 9 of its levels.

You collected 129 gold pieces.

Inventory:

Hand weapons
 a - a +1 spear (weapon)
 d - a +0 giant spiked club
 h - a +0 hand axe
 n - a +0 whip
 u - a +0 rapier
 w - a +0 hunting sling
 y - a +0 rapier
 A - a +0 blowgun
 C - a +0 shortbow
 E - a +0 flail
Missiles
 f - 78 stones
 g - 23 poisoned needles
 i - 11 bolts of flame
 q - 16 bolts
 D - 25 arrows (quivered)
 H - 18 sling bullets of frost
 M - 5 tomahawks
Armour
 b - a +0 animal skin
 e - a +0 ring mail
 j - a +0 scale mail
 k - a +0 chain mail
 p - a +0 robe
 z - a +0 leather armour
 I - a +0 pair of boots (worn)
 J - a +1 plate armour (worn)
 K - a +2 naga barding
Jewellery
 L - an amulet of faith (around neck)
Scrolls
 c - 3 scrolls of recharging {unknown}
 l - 4 scrolls of remove curse
 s - 4 scrolls of identify
 B - a scroll of brand weapon {unknown}
Potions
 m - a potion of berserk rage {unknown}
 o - a potion of restore abilities {unknown}
 t - a potion of mutation {unknown}
 x - a potion of cancellation {unknown}
 F - a potion of ambrosia {unknown}
 G - a potion of flight {unknown}
 N - a potion of cure mutation {unknown}
 P - a potion of invisibility {unknown}
 Q - 2 potions of curing
Books
 v - a book of Callings

   Spells                             Type                      Level
   a - Summon Small Mammal            Summoning                    1
   b - Call Imp                       Summoning                    2
   c - Call Canine Familiar           Summoning                    3
   d - Summon Guardian Golem          Hexes/Summoning              4
   e - Summon Lightning Spire         Summoning/Air                4
   f - Summon Ice Beast               Ice/Summoning                4
   Trog disapproves of the use of such an item.
Comestibles
 O - a bread ration


   Skills:
 + Level 6.8 Fighting
 + Level 7.3 Polearms
 + Level 2.5 Bows
 + Level 7.5 Armour
 + Level 5.7 Dodging
 + Level 1.2 Stealth


You had 7 spell levels left.
You didn't know any spells.

Dungeon Overview and Level Annotations

Branches:
Dungeon (8/15)             Temple (1/1) D:5
   Lair: D:8-11

Altars:
Ashenzari
Cheibriados
Dithmenos
Fedhas
Gozag
Kikubaaqudgha
Makhleb
Nemelex Xobeh
Qazlal
Ru
Sif Muna
Trog
Vehumet
Xom
Yredelemnul
Zin


Innate Abilities, Weirdness & Mutations

You reflexively headbutt those who attack you in melee.
You have a pair of horns on your head.


Message History

You feel sick. The killer bee stings you.
* * * LOW HITPOINT WARNING * * *
Unknown command.
You hit the killer bee but do no damage.
Your headbutt misses the killer bee.
The killer bee is almost dead.
* * * LOW HITPOINT WARNING * * *
You feel sick. The killer bee barely misses you.
Unknown command.
You barely miss the killer bee.
The killer bee is almost dead.
* * * LOW HITPOINT WARNING * * *
You feel sick.
The killer bee stings you but does no damage.
The killer bee barely misses you.
Unknown command.
You hit the killer bee. You headbutt the killer bee.
You kill the killer bee!
Trog accepts your kill.
You die...

#######..........................
#######..........................
##...##..........................
.................................
.................................
.......................(.........
...........#####.#########.......
######.....# #†# #....... #.....#
#@# #....... #.....# #.# #.......
#.....# #.# #....... #. #.....#
#.# #....... .#.##.....#####.#
#....... #.#..............#
#....... ...<......########
######## ..........# #
..........# #


There were no monsters in sight!

Vanquished Creatures
  Prince Ribbit (D:8)
  Eustachio (D:4)
  A centaur (D:5)
  An ogre (D:4)
  3 giant frogs
  A water moccasin zombie (D:8)
  A scorpion (D:4)
  5 killer bees (D:8)
  2 crimson imps
  A goliath beetle (D:8)
  2 jellies
  An orc priest (D:5)
  6 orc wizards
  3 worker ants
  A hound (D:5)
  An iguana (D:4)
  A killer bee zombie (D:5)
  7 adders
  A shadow imp (D:5)
  A giant mite (D:5)
  A white imp (D:4)
  An adder skeleton (D:3)
  An ooze (D:3)
  3 giant geckos
  8 orcs (D:5)
  5 giant cockroaches
  5 goblins
  9 hobgoblins
  8 quokkas
  A ball python (D:4)
  12 bats
  3 giant gecko zombies
  5 giant newts
  6 kobolds
  An orc zombie (D:5)
  6 rats
116 creatures vanquished.

Vanquished Creatures (others)
  A hobgoblin (D:3)
1 creature vanquished.

Grand Total: 117 creatures vanquished

Notes
Turn   | Place    | Note
--------------------------------------------------------------
     0 | D:1      | operationiv, the Minotaur Berserker, began the quest for the Orb.
     0 | D:1      | Reached XP level 1. HP: 19/19 MP: 1/1
   244 | D:1      | Reached XP level 2. HP: 18/27 MP: 1/1
   368 | D:2      | Reached skill level 4 in Fighting
   394 | D:2      | Found a sparkling altar of Nemelex Xobeh.
   658 | D:2      | Reached XP level 3. HP: 31/33 MP: 2/2
   689 | D:3      | Acquired Trog's second power
   918 | D:3      | Reached XP level 4. HP: 20/41 MP: 2/2
  1175 | D:3      | Found a stormy altar of Qazlal.
  1340 | D:4      | Noticed an ogre
  1347 | D:4      | HP: 1/41 [ogre/giant spiked club (11)]
  1349 | D:4      | Killed an ogre
  1349 | D:4      | Reached XP level 5. HP: 1/47 MP: 2/2
  1657 | D:4      | Reached skill level 5 in Polearms
  1824 | D:2      | Found a burning altar of Makhleb.
  1864 | D:2      | You fall through a shaft!
  2427 | D:2      | You fall through a shaft!
  2593 | D:4      | Noticed Eustachio
  2613 | D:4      | Reached XP level 6. HP: 55/55 MP: 3/3
  2646 | D:4      | Killed Eustachio
  2646 | D:4      | Reached skill level 5 in Fighting
  2646 | D:4      | Reached skill level 5 in Armour
  2753 | D:5      | Entered Level 5 of the Dungeon
  2800 | D:5      | Reached XP level 7. HP: 29/61 MP: 3/3
  2955 | D:5      | Reached skill level 1 in Stealth
  3326 | D:5      | Found a staircase to the Ecumenical Temple.
  3395 | Temple   | Entered the Ecumenical Temple
  3747 | D:6      | Found a shadowy altar of Dithmenos.
  3811 | D:6      | Reached skill level 1 in Bows
  3811 | D:6      | Reached skill level 6 in Armour
  3811 | D:6      | Reached skill level 5 in Dodging
  3978 | D:7      | Found a snail-covered altar of Cheibriados.
  3980 | D:7      | Found an ancient bone altar of Kikubaaqudgha.
  4002 | D:7      | Found an opulent altar of Gozag.
  4107 | D:7      | Reached XP level 8. HP: 63/70 MP: 3/3
  4144 | D:8      | Found a sacrificial altar of Ru.
  4217 | D:8      | Noticed Prince Ribbit
  4229 | D:8      | Killed Prince Ribbit
  4229 | D:8      | Acquired Trog's third power
  4456 | D:8      | Reached skill level 7 in Armour
  4845 | D:8      | HP: 2/71 [killer bee (6)]
  4848 | D:8      | Succumbed to a killer bee's poison

Action                   |  1- 3 |  4- 6 |  7- 9 || total
-------------------------+-------+-------+-------++-------
Melee: Spear             |    75 |    96 |   217 ||   388
 Fire: Shortbow          |       |       |     7 ||     7
Invok: Berserk           |       |     1 |     1 ||     2
       Trog's Hand       |       |     1 |     1 ||     2
  Use: Scroll            |       |     3 |     4 ||     7
       Potion            |       |     1 |     1 ||     2
  Eat: Bread ration      |       |     2 |     1 ||     3
       Meat ration       |       |       |     1 ||     1
